 Dungeon Crawl Stone Soup version 0.29.0-4-gdea44cf6ec (webtiles) character file.

Game seed: 2051799978429395128

5129 qw the Cleaver (level 10, -5/77 HPs)
             Began as a Demonspawn Cinder Acolyte on Sept 8, 2022.
             Was an Initiate of Okawaru.
             Slain by a yak (9 damage)
             ... on level 10 of the Dungeon.
             The game lasted 00:03:47 (8995 turns).

qw the Cleaver (Demonspawn Cinder Acolyte)          Turns: 8995, Time: 00:03:48

Health: -5/77      AC: 12    Str: 25    XL:     10   Next: 33%
Magic:  0/11       EV:  8    Int: 20    God:    Okawaru [......]
Gold:   292        SH:  9    Dex:  8    Spells: 11/11 levels left

rFire   . . .      SeeInvis .   Y - +0 war axe
rCold   . . .      Faith    .   h - +0 kite shield
rNeg    . . .      Spirit   +   e - +0 fire dragon scales
rPois   .          Reflect  .   (no helmet)
rElec   .          Harm     .   l - +0 cloak
rCorr   .          Rampage  .   (no gloves)
Will    .....                   o - +1 pair of boots
Stlth   ..........              j - amulet of regeneration
HPRegen 1.02/turn               k - +6 ring of strength
MPRegen 0.24/turn               f - ring of ice

@: fire susceptible
A: foul stench 2, magic shield, magic regeneration, magic link, big brain 2
a: Renounce Religion


You were on level 10 of the Dungeon.
You worshipped Okawaru.
Okawaru was noncommittal.
You visited 2 branches of the dungeon, and saw 11 of its levels.

You collected 565 gold pieces.
You spent 273 gold pieces at shops.


Innate Abilities, Weirdness & Mutations

You sometimes emit foul miasma when damaged in melee.
When hurt, damage is shared between your health and your magic reserves.
You regenerate magic rapidly.
When low on magic, you restore magic in place of health.
You have an extremely huge brain. (Int +4)


   Skills:
 - Level 6.8 Fighting
 - Level 10.0 Axes
 - Level 1.6 Throwing
 - Level 4.2 Armour
 - Level 1.0 Dodging
 + Level 6.9 Shields
 - Level 1.0 Spellcasting
 - Level 2.6 Fire Magic


You had 11 spell levels left.
You didn't know any spells.
Your spell library contained the following spells:

 Spells                   Type           Power      Damage    Failure   Level
 Scorch                   Fire           22%        2d6       52%         2

Inventory:

Hand Weapons
 q - a +0 hand axe of flaming
 Y - a +0 war axe (weapon)
Missiles
 n - a boomerang (quivered)
Armour
 e - +0 fire dragon scales (worn)
 h - a +0 kite shield (worn)
 l - a +0 cloak (worn)
 o - a +1 pair of boots (worn)
 r - a +0 chain mail of cold resistance
Jewellery
 f - a ring of ice (right hand)
 j - an amulet of regeneration (around neck)
 k - a +6 ring of strength (left hand)
Scrolls
 a - 2 scrolls of identify
Potions
 b - 3 potions of cancellation
 d - 4 potions of curing
 g - 2 potions of haste
 i - a potion of might
 m - a potion of resistance
 t - a potion of mutation

Dungeon Overview and Level Annotations

Branches:
Dungeon (9/15)             Temple (1/1) D:5
   Lair: D:8-11         Orc: D:9-12

Altars:
Ashenzari
Cheibriados
Dithmenos
Fedhas
Gozag
Makhleb
Nemelex Xobeh
Okawaru
Qazlal
Ru
Sif Muna
Vehumet
Wu Jian
Yredelemnul

Shops:
D:8 !

Annotations:
D:5 3 runed translucent doors, qw's ghost, amateur GrBe; qw's ghost, amateur MiFi; qw's ghost, novice GrFi


Message History

You hit the yak but do no damage.
The yak is severely wounded.
The yak gores you. The yak gores you but does no damage. The yak gores you!
The yak gores you but does no damage.
You hit the yak.
The yak is severely wounded.
You slash the yak! You hit the yak. The yak gores you but does no damage.
The yak gores you! x2
You closely miss the yak.
The yak is severely wounded.
You hit the yak but do no damage. You barely miss the yak.
The yak completely misses you. The yak gores you!
You emit a cloud of foul miasma!
The yak gores you!
You slash the yak!
You kill the yak!
Okawaru accepts your kill.
You slash the yak! You barely miss the yak. You hit the yak.
You barely miss the yak. You block the yak's attack.
The yak is engulfed in dark miasma.
The yak is poisoned.
The yak gores you. x2; You block the yak's attack.
You slash the yak!
The yak is severely wounded.
You hit the yak but do no damage. You slash the yak!
You hit the yak but do no damage. You barely miss the yak. The yak gores you!
You block the yak's attack. x2
The yak is engulfed in dark miasma.
The yak looks even sicker.
You block the yak's attack. The yak gores you but does no damage.
You slash the yak!
You kill the yak!
Okawaru accepts your kill.
You slash the yak! x2; You hit the yak but do no damage.
You slash the yak! You block the yak's attack.
The yak completely misses you. x2
The yak gores you but does no damage.
Your Axes skill increases to level 10!
You slash the yak!
The yak is almost dead.
You barely miss the yak. You hit the yak but do no damage.
You barely miss the yak. The yak gores you but does no damage.
The yak gores you!
You die...

..###...###..
............#
............#
............#
.............##
..............#
.......YYY....# .
...?...0@.....###..
.......Y###........
.....>..# #........
.~?.....###........
~~~................
...~...............
~~.................
#~.................
##.................


You could see 4 yaks.

Vanquished Creatures
  Joseph (D:8)
  Maurice (D:8)
  A troll (D:10)
  A hornet (D:7)
  4 fire bats (D:8)
  2 yaks (D:10)
  A steam dragon (D:7)
  An acid dragon (D:8)
  A hell hound (D:8)
  2 ice beasts
  2 black bears (D:6)
  2 ogres
  4 bullfrogs
  A necrophage (D:5)
  3 scorpions
  5 wights (D:6)
  13 killer bees
  6 howler monkeys
  2 lava snakes (D:8)
  A hound (D:3)
  5 orc priests
  4 iguanas (D:6)
  5 orc wizards
  6 adders
  9 gnolls
  2 shadow imps
  A white imp (D:5)
  2 worms
  A dart slug (D:1)
  17 orcs
  8 endoplasms
  A giant cockroach (D:2)
  27 hobgoblins
  8 jackals
  5 quokkas
  2 ball pythons
  6 bats
  4 frilled lizards
  35 goblins
  8 kobolds
  3 rats
213 creatures vanquished.

Vanquished Creatures (others)
  An orc wizard (D:7)
  3 fire vortices (D:8)
  5 plants
  3 withered plants (D:5)
12 creatures vanquished.

Grand Total: 225 creatures vanquished

Notes
Turn   | Place    | Note
-------+----------+-------------------------------------------
     0 | D:1      | qw the Demonspawn Cinder Acolyte began the quest for the
                  | Orb.
     0 | D:1      | Reached XP level 1. HP: 18/18 MP: 2/2
     0 | D:1      | 0 ||| qw: Version: 0.1-a-112-g44dc6cd
     0 | D:1      | 0 ||| qw: Game counter: 6812
     0 | D:1      | 0 ||| qw: Always use a shield: true
     0 | D:1      | 0 ||| qw: God list: Okawaru
     0 | D:1      | 0 ||| qw: Allow faded altars: false
     0 | D:1      | 0 ||| qw: Do Orc after D:15 true
     0 | D:1      | 0 ||| qw: Do second Lair branch before Depths: true
     0 | D:1      | 0 ||| qw: Lair rune preference: random
     0 | D:1      | 0 ||| qw: Plans: Normal
     0 | D:1      | 0 ||| PLANNING D:1-11
   168 | D:1      | Reached skill level 3 in Axes
   277 | D:1      | 277 ||| INVOKING Fiery Armour.
   328 | D:1      | 328 ||| Stepping ~*~*~tactically~*~*~ (stealth).
   330 | D:1      | 330 ||| Stepping ~*~*~tactically~*~*~ (stealth).
   338 | D:1      | Gained mutation: You have an unusually large brain. (Int
                  | +2) [demonic ancestry]
   338 | D:1      | Reached XP level 2. HP: 16/24 MP: 3/3
   346 | D:1      | 346 ||| Stepping ~*~*~tactically~*~*~ (stealth).
   355 | D:1      | 355 ||| Stepping ~*~*~tactically~*~*~ (stealth).
   374 | D:1      | 374 ||| Stepping ~*~*~tactically~*~*~ (stealth).
   375 | D:1      | 375 ||| Stepping ~*~*~tactically~*~*~ (stealth).
   491 | D:1      | 491 ||| INVOKING Fiery Armour.
   728 | D:1      | 728 ||| Stepping ~*~*~tactically~*~*~ (stealth).
   730 | D:1      | 730 ||| Stepping ~*~*~tactically~*~*~ (stealth).
  1251 | D:1      | 1251 ||| UPGRADING to +0 ring mail.
  1261 | D:1      | 1261 ||| DROPPING +0 robe.
  1262 | D:1      | 1262 ||| READING 3 scrolls labelled HONWIU HELE.
  1263 | D:1      | 1263 ||| READING scroll labelled WISTYMEBAF.
  1264 | D:1      | 1264 ||| READING 2 scrolls of identify.
  1264 | D:1      | 1264 ||| IDENTIFYING amethyst potion
  1427 | D:2      | Found a blossoming altar of Fedhas.
  1456 | D:2      | Gained mutation: You regenerate magic rapidly. [demonic
                  | ancestry]
  1456 | D:2      | Reached XP level 3. HP: 27/29 MP: 4/4
  1505 | D:2      | Found a faded altar of an unknown god.
  1647 | D:2      | Reached skill level 4 in Axes
  2544 | D:2      | Gained mutation: When hurt, damage is shared between your
                  | health and your magic reserves. [demonic ancestry]
  2544 | D:2      | Reached XP level 4. HP: 28/35 MP: 5/5
  2775 | D:2      | 2775 ||| UPGRADING to +0 kite shield.
  2780 | D:2      | 2780 ||| READING scroll labelled PYD HOWAFUIDD.
  2781 | D:2      | 2781 ||| READING scroll labelled LEDIOJOHINA.
  2782 | D:2      | 2782 ||| READING 3 scrolls of identify.
  2782 | D:2      | 2782 ||| IDENTIFYING coppery potion
  2783 | D:2      | 2783 ||| READING 2 scrolls of identify.
  2783 | D:2      | 2783 ||| IDENTIFYING lumpy brown potion
  2784 | D:2      | 2784 ||| DROPPING potion of attraction.
  2817 | D:3      | Reached skill level 1 in Shields
  2967 | D:3      | 2967 ||| Stepping ~*~*~tactically~*~*~ (hiding).
  2979 | D:3      | 2979 ||| Stepping ~*~*~tactically~*~*~ (hiding).
  3112 | D:3      | 3112 ||| Stepping ~*~*~tactically~*~*~ (stealth).
  3115 | D:3      | 3115 ||| Stepping ~*~*~tactically~*~*~ (stealth).
  3651 | D:3      | Gained mutation: You may rarely emit foul miasma when
                  | damaged in melee. [demonic ancestry]
  3651 | D:3      | Reached XP level 5. HP: 41/41 MP: 6/6
  3674 | D:3      | 3674 ||| Stepping ~*~*~tactically~*~*~ (stealth).
  3760 | D:3      | 3760 ||| INVOKING Fiery Armour.
  3874 | D:3      | 3874 ||| INVOKING Fiery Armour.
  3881 | D:3      | Reached skill level 3 in Shields
  3892 | D:3      | HP: 6/41 [gnoll/+0 spear (7)]
  4185 | D:3      | 4185 ||| INVOKING Fiery Armour.
  4191 | D:3      | Reached skill level 5 in Axes
  4465 | D:3      | 4465 ||| UPGRADING to +0 fire dragon scales.
  4475 | D:3      | 4475 ||| DROPPING +0 ring mail.
  4476 | D:3      | 4476 ||| UPGRADING to amulet of regeneration.
  4481 | D:3      | 4481 ||| READING scroll labelled RISEATUIQI.
  4482 | D:3      | 4482 ||| READING scroll labelled IKHLEQ SAKYUSOSID.
  4483 | D:3      | 4483 ||| DRINKING 2 smoky golden potions.
  4484 | D:3      | 4484 ||| READING 4 scrolls of identify.
  4484 | D:3      | 4484 ||| IDENTIFYING emerald potion
  4485 | D:3      | 4485 ||| READING 3 scrolls of identify.
  4485 | D:3      | 4485 ||| IDENTIFYING red potion
  4486 | D:3      | 4486 ||| DROPPING potion of lignification.
  4588 | D:4      | Found a stormy altar of Qazlal.
  4661 | D:4      | Reached skill level 1 in Armour
  4661 | D:4      | Reached XP level 6. HP: 47/47 MP: 7/7
  4767 | D:4      | Found a shadowy altar of Dithmenos.
  4777 | D:4      | Found a sacrificial altar of Ru.
  4778 | D:4      | 4778 ||| Stepping ~*~*~tactically~*~*~ (hiding).
  4856 | D:4      | 4856 ||| INVOKING Fiery Armour.
  5113 | D:4      | 5113 ||| UPGRADING to +6 ring of strength.
  5114 | D:4      | 5114 ||| READING 2 scrolls labelled ODAPUN SACZYWN.
  5117 | D:4      | 5117 ||| READING 3 scrolls of identify.
  5117 | D:4      | 5117 ||| IDENTIFYING glowing orange potion
  5118 | D:4      | 5118 ||| DROPPING potion of brilliance.
  5152 | D:5      | Entered Level 5 of the Dungeon
  5152 | D:5      | Noticed a blizzard demon
  5152 | D:5      | Found a burning altar of Makhleb.
  5177 | D:5      | Found a staircase to the Ecumenical Temple.
  5216 | D:5      | 5216 ||| INVOKING Fiery Armour.
  5328 | D:5      | 5328 ||| DRINKING 2 potions of curing.
  5328 | D:5      | 5328 ||| (to cure confusion)
  5336 | D:5      | Reached skill level 1 in Dodging
  5352 | D:5      | 5352 ||| INVOKING Fiery Armour.
  5353 | D:5      | Gained mutation: You sometimes emit foul miasma when
                  | damaged in melee. [demonic ancestry]
  5353 | D:5      | Reached XP level 7. HP: 27/52 MP: 4/8
  5531 | D:5      | 5531 ||| Stepping ~*~*~tactically~*~*~ (stealth).
  5861 | D:5      | Found a runed translucent gate.
  5861 | D:5      | Found a runed translucent gate.
  5862 | D:5      | Found a runed translucent gate.
  5864 | D:5      | Noticed qw's ghost (amateur MiFi)
  5864 | D:5      | Noticed qw's ghost (novice GrFi)
  5864 | D:5      | Noticed qw's ghost (amateur GrBe)
  5943 | D:5      | 5943 ||| UPGRADING to +0 cloak.
  5948 | D:5      | 5948 ||| DROPPING +6 ring of intelligence.
  5989 | D:6      | Reached skill level 6 in Axes
  5989 | D:6      | 5989 ||| STAIRDANCE
  6123 | D:6      | Found a sparkling altar of Nemelex Xobeh.
  6155 | D:6      | 6155 ||| Stepping ~*~*~tactically~*~*~ (hiding).
  6171 | D:6      | 6171 ||| FLEEEEING.
  6172 | D:6      | 6172 ||| FLEEEEING.
  6173 | D:6      | 6173 ||| FLEEEEING.
  6174 | D:6      | 6174 ||| FLEEEEING.
  6175 | D:6      | 6175 ||| FLEEEEING.
  6175 | D:6      | Found an opulent altar of Gozag.
  6176 | D:6      | 6176 ||| FLEEEEING.
  6177 | D:6      | 6177 ||| FLEEEEING.
  6178 | D:6      | 6178 ||| FLEEEEING.
  6238 | D:6      | 6238 ||| Stepping ~*~*~tactically~*~*~ (stealth).
  6245 | D:6      | 6245 ||| INVOKING Fiery Armour.
  6245 | D:6      | HP: 11/47 [wight/+3 flail of freezing (3)]
  6246 | D:6      | 6246 ||| READING scroll of teleportation.
  6247 | D:6      | Gained mutation: You have an extremely huge brain. (Int +4)
                  | [demonic ancestry]
  6247 | D:6      | Reached XP level 8. HP: 9/55 MP: 1/9
  6247 | D:6      | 6247 ||| DRINKING 2 potions of heal wounds.
  6441 | D:6      | 6441 ||| Stepping ~*~*~tactically~*~*~ (stealth).
  6446 | D:6      | 6446 ||| INVOKING Fiery Armour.
  6449 | D:6      | Reached skill level 7 in Axes
  6488 | D:6      | 6488 ||| Stepping ~*~*~tactically~*~*~ (stealth).
  6490 | D:6      | 6490 ||| Stepping ~*~*~tactically~*~*~ (stealth).
  6557 | D:6      | Reached skill level 8 in Axes
  6774 | D:6      | Reached skill level 1 in Throwing
  6944 | D:6      | 6944 ||| READING scroll labelled NYIKHLU CEDDYINEM.
  6945 | D:6      | 6945 ||| DRINKING 2 bubbling cyan potions.
  6946 | D:6      | 6946 ||| DROPPING potion of invisibility.
  6968 | D:7      | 6968 ||| STAIRDANCE
  6987 | D:7      | 6987 ||| INVOKING Fiery Armour.
  6988 | D:7      | HP: 14/61 [poisoned by a killer bee]
  6989 | D:7      | 6989 ||| DRINKING potion of heal wounds.
  6990 | D:7      | 6990 ||| STAIRDANCE
  7115 | D:7      | Noticed a hornet
  7117 | D:7      | 7117 ||| Stepping ~*~*~tactically~*~*~ (stealth).
  7123 | D:7      | Killed a hornet
  7124 | D:7      | Gained mutation: When low on magic, you restore magic in
                  | place of health. [demonic ancestry]
  7124 | D:7      | Reached XP level 9. HP: 52/68 MP: 10/10
  7134 | D:7      | Reached skill level 6 in Shields
  7230 | D:7      | 7230 ||| Stepping ~*~*~tactically~*~*~ (hiding).
  7301 | D:7      | Found a broken altar of Ashenzari.
  7460 | D:7      | 7460 ||| UPGRADING to +0 pair of boots.
  7465 | D:7      | 7465 ||| UPGRADING to ring of ice.
  7466 | D:7      | 7466 ||| READING 2 scrolls of identify.
  7466 | D:7      | 7466 ||| IDENTIFYING sedimented white potion
  7478 | D:8      | Noticed Joseph
  7479 | D:8      | 7479 ||| INVOKING Fiery Armour.
  7485 | D:8      | HP: 7/68 [Joseph/sling bullet (12)]
  7486 | D:8      | 7486 ||| DRINKING 3 potions of heal wounds.
  7489 | D:8      | 7489 ||| DRINKING 2 potions of heal wounds.
  7499 | D:8      | Reached skill level 9 in Axes
  7501 | D:8      | HP: 15/68 [Joseph/+0 quarterstaff (5)]
  7502 | D:8      | 7502 ||| DRINKING potion of heal wounds.
  7508 | D:8      | Killed Joseph
  7553 | D:8      | Found Keihulu's Distillery.
  7601 | D:8      | Noticed Maurice
  7602 | D:8      | 7602 ||| SWAPPING to +0 war axe.
  7617 | D:8      | 7617 ||| FLEEEEING.
  7626 | D:8      | 7626 ||| STAIRDANCE
  7779 | D:8      | 7779 ||| READING scroll of enchant armour.
  7779 | D:8      | 7779 ||| ENCHANTING +0 pair of boots.
  7791 | D:8      | 7791 ||| Stepping ~*~*~tactically~*~*~ (hiding).
  7793 | D:8      | 7793 ||| Stepping ~*~*~tactically~*~*~ (hiding).
  7847 | D:8      | 7847 ||| BUYING potion of cancellation (104 gold).
  7847 | D:8      | Bought a potion of cancellation for 104 gold pieces
  7847 | D:8      | 7847 ||| BUYING potion of curing (39 gold).
  7847 | D:8      | Bought a potion of curing for 39 gold pieces
  7847 | D:8      | 7847 ||| BUYING potion of haste (130 gold).
  7847 | D:8      | Bought a potion of haste for 130 gold pieces
  7928 | D:8      | 7928 ||| Stepping ~*~*~tactically~*~*~ (stealth).
  7929 | D:8      | 7929 ||| Stepping ~*~*~tactically~*~*~ (stealth).
  8084 | D:8      | Killed Maurice
  8085 | D:8      | Reached skill level 6 in Fighting
  8132 | D:8      | 8132 ||| DROPPING +0 flail.
  8241 | D:8      | 8241 ||| INVOKING Fiery Armour.
  8270 | D:8      | Reached XP level 10. HP: 66/77 MP: 9/11
  8283 | D:8      | 8283 ||| FLEEEEING.
  8289 | D:8      | 8289 ||| FLEEEEING.
  8290 | D:8      | 8290 ||| FLEEEEING.
  8291 | D:8      | 8291 ||| FLEEEEING.
  8358 | D:8      | 8358 ||| FLEEEEING.
  8416 | D:8      | 8416 ||| PLANNING TEMPLE
  8416 | D:8      | 8416 ||| READING scroll labelled ZEQOMP VEMEC.
  8417 | D:8      | 8417 ||| READING scroll labelled SIBRECV SATEO.
  8452 | D:8      | 8452 ||| READING 4 scrolls of identify.
  8452 | D:8      | 8452 ||| IDENTIFYING clear potion
  8453 | D:8      | 8453 ||| READING 3 scrolls of identify.
  8453 | D:8      | 8453 ||| IDENTIFYING golden potion
  8563 | Temple   | Entered the Ecumenical Temple
  8686 | Temple   | 8686 ||| PLANNING CONVERSION TO OKAWARU
  8691 | Temple   | Fell from the grace of Ignis
  8691 | Temple   | Became a worshipper of Warmaster Okawaru
  8692 | Temple   | 8692 ||| PLANNING D:1-11
  8923 | D:9      | You fall into a shaft and drop 1 floor!
  8923 | D:10     | Entered Level 10 of the Dungeon
  8948 | D:10     | HP: 12/77 [troll (10)]
  8949 | D:10     | 8949 ||| READING scroll of teleportation.
  8991 | D:10     | HP: 14/77 [yak (6)]
  8993 | D:10     | HP: 4/77 [yak (6)]
  8995 | D:10     | Reached skill level 10 in Axes
  8995 | D:10     | Slain by a yak

Levels and vault maps discovered:
D:1:      giann_bridges, layout_loops_ring, nicolae_titane
D:2:      layout_basic, basic_altar, basic_ecumenical_altar,
          roderic_roman_lattice
D:3:      minmay_goblin_kobold_castle, layout_basic,
          minmay_misc_feat_four_crosses
D:4:      layout_gridville, nicolae_ru_great_annihilating_truth,
          mainiacjoe_overflow_alcove_1, amcnicky_altar_gilded,
          minmay_misc_feat_chi, corner_web_ring
D:5:      layout_loops_cross, makhleb_altar_promises_db,
          minmay_temple_entry_steel_oval, gammafunk_ghost_cemetery,
          minmay_misc_feat_rows, amethyst_killhole
D:6:      layout_gridville, general_overflow_altar, nicolae_gozag_seed_capital
D:7:      layout_basic, mainiacjoe_overflow_catwalk
D:8:      layout_cave_pools, serial_shops, nicolae_shop_window_shopping,
          serial_column_ruins, column_ruins_hut_ruined, column_ruins_open_tiny,
          column_ruins_open_small, column_ruins_open_medium,
          column_ruins_corridor_dead_end, column_ruins_open_small,
          column_ruins_open_tiny, column_ruins_open_small,
          hangedman_incinerator, uniq_maurice, uniq_joseph
D:9:      layout_basic, nicolae_uskayaw_dance_hall
D:10:     layout_big_octagon, grunt_lair_entry_orc_guard_hut, serial_rivers,
          chequers_serial_rivers_room_a, chequers_serial_rivers_micro_d,
          chequers_serial_rivers_micro_b, chequers_serial_rivers_large_a,
          chequers_serial_rivers_micro_b
Temple:   minmay_temple_curvy_branch

Skill      XL: |  1  2  3  4  5  6  7  8  9 10 |
---------------+-------------------------------+-----
Axes           | 3 4 5 6 8 9 10 | 10.0
Shields        | 2 3 4 5 6 |  6.9
Armour         | 1 2 4 |  4.2
Dodging        | 1 |  1.0
Fighting       | 4 5 6 |  6.8
Throwing       | 1 |  1.6
Spellcasting   | |  1.0
Fire Magic     | |  2.6

Action                   |  1- 3 |  4- 6 |  7- 9 | 10-12 || total
-------------------------+-------+-------+-------+-------++-------
Melee: Hand axe          |   143 |   246 |   238 |       ||   627
       War axe           |       |       |    74 |    73 ||   147
Throw: Boomerang         |       |       |    10 |     8 ||    18
Invok: Fiery Armour      |     2 |     6 |     5 |       ||    13
  Use: Scroll            |     3 |    10 |     4 |     5 ||    22
       Potion            |       |     2 |     6 |       ||     8
 Stab: Paralysed         |       |     1 |       |       ||     1
Armor: Robe              |     4 |       |       |       ||     4
       Ring mail         |    43 |    59 |       |       ||   102
       Fire dragon scale |       |    50 |   172 |    70 ||   292
Dodge: Dodged            |    82 |    90 |    99 |    43 ||   314
Block: Kite shield       |       |   106 |   138 |    67 ||   311

Table legend:
 A = Non-vault XP
 B = Vault XP
 C = Vault XP percentage of total XP
 D = Non-vault monster count
 E = Vault monster count
 F = Vault count percentage of total count
                 A         B        C        D         E       F
            +---------+---------+-------+---------+---------+-------
      Total |    5130 |    2198 |  30.0 |     147 |      67 |  31.3
            +---------+---------+-------+---------+---------+-------
        D:1 |      31 |       0 |   0.0 |      17 |       0 |   0.0
        D:2 |      70 |       0 |   0.0 |      25 |       0 |   0.0
        D:3 |      73 |     163 |  69.1 |      12 |      54 |  81.8
        D:4 |     161 |      40 |  19.9 |      16 |       4 |  20.0
        D:5 |     432 |       0 |   0.0 |      16 |       0 |   0.0
        D:6 |    1595 |       0 |   0.0 |      26 |       0 |   0.0
        D:7 |    1077 |       0 |   0.0 |      16 |       0 |   0.0
        D:8 |     736 |    1995 |  73.1 |      12 |       9 |  42.9
        D:9 |     245 |       0 |   0.0 |       4 |       0 |   0.0
       D:10 |     710 |       0 |   0.0 |       3 |       0 |   0.0
            +---------+---------+-------+---------+---------+-------
